 Dungeon Crawl Stone Soup version 0.26.1-11-gd32895ea62 (webtiles) character file.

Game seed: 7942591531070903660

2034 buriedalive the Nimble (level 9, -3/45 HPs)
             Began as a Deep Elf Ice Elementalist on May 25, 2021.
             Was an Initiate of Ashenzari.
             Slain by a two-headed ogre
             ... wielding a +0 giant spiked club
              (9 damage)
             ... on level 6 of the Dungeon.
             The game lasted 00:12:34 (9892 turns).

buriedalive the Nimble (Deep Elf Ice Elementalist)  Turns: 9892, Time: 00:12:35

Health: -3/45      AC: 12    Str:  2    XL:     9   Next: 3%
Magic:  8/15       EV: 16    Int: 27    God:    Ashenzari [......]
Gold:   393        SH:  0    Dex: 17    Spells: 7/14 levels left

rFire    . . .     SeeInvis .   u - +12 dagger of Evil {drain, Will+ Str-3 Int+3 Dex+2} (curse)
rCold    . . .     Faith    .   (no shield)
rNeg     . . .     Spirit   .   s - +1 leather armour (curse)
rPois    .         Reflect  .   (no helmet)
rElec    .         Harm     .   (no cloak)
rCorr    +         Rampage  .   f - +0 pair of gloves
Will     +....                  (no boots)
Stlth    ++........             (no amulet)
HPRegen  0.15/turn              j - ring of resist corrosion
MPRegen  0.14/turn              n - ring of wizardry

@: icy armour, frozen ramparts
A: no striking features
a: Renounce Religion, Curse Item


You were on level 6 of the Dungeon.
You worshipped Ashenzari.
Ashenzari was noncommittal.
You visited 2 branches of the dungeon, and saw 7 of its levels.
You also visited: Sewer.

You collected 393 gold pieces.

Inventory:

Hand Weapons
 c - a +0 dagger
 d - a +1 vampiric dagger
 u - the cursed +12 dagger of Evil (weapon) {drain, Will+ Str-3 Int+3 Dex+2}
   (You found it on level 5 of the Dungeon)

   A truly terrible weapon, it drains the life of those it strikes.
   It affects your strength (-3).
   It affects your intelligence (+3).
   It affects your dexterity (+2).
   It affects your willpower, your defense against some magical effects.
   It has a curse placed upon it.
Missiles
 e - 184 stones
 h - 26 sling bullets
 m - 48 poisoned darts (quivered)
Armour
 f - a +0 pair of gloves (worn)
 s - a cursed +1 leather armour (worn)
Jewellery
 j - a ring of resist corrosion (left hand)
 n - a ring of wizardry (right hand)
 t - an uncursed ring of flight
Wands
 g - a wand of flame (18)
Scrolls
 l - 2 scrolls of teleportation
 q - 2 scrolls of magic mapping
 v - 2 scrolls of fear
Potions
 b - 2 potions of lignification
 i - a potion of invisibility
 k - 3 potions of curing
 o - a potion of attraction {unknown}
 p - a potion of flight
 r - 2 potions of brilliance
 w - a potion of haste {unknown}
 z - a potion of magic {unknown}


   Skills:
 + Level 10.2 Dodging
 - Level 2.4 Stealth
 - Level 3.0 Spellcasting
 + Level 10.1 Ice Magic


You had 7 spell levels left.
You knew the following spells:

 Your Spells              Type           Power        Failure   Level
a - Freeze                Ice            100%         1%          1
b - Frozen Ramparts       Ice            100%         1%          3
c - Ozocubu's Armour      Ice            56%          1%          3

Your spell library contained the following spells:

 Spells                   Type           Power        Failure   Level
 Hailstorm                Conj/Ice       31%          10%         4
 Summon Ice Beast         Ice/Summ       31%          10%         4


Dungeon Overview and Level Annotations

Branches:
Dungeon (6/15)             Temple (1/1) D:6           Sewer (visited)

Altars:
Ashenzari
Cheibriados
Fedhas
Makhleb
Nemelex Xobeh
Okawaru
Ru
Trog
Vehumet
Xom
The Shining One

Shops:
D:6 (

Annotations:
D:6 Sigmund


Message History

Aim: a two-headed ogre, wielding a +0 giant spiked club and a +0 giant club (74% to hit)
You throw a poisoned dart.
The poisoned dart hits the two-headed ogre.
The two-headed ogre is poisoned.
The wall freezes the two-headed ogre.
The wall freezes something.
Something barely misses you.
Okay, then.
Casting: Frozen Ramparts (safe; 1% risk of failure)
Confirm with . or Enter, or press ? or * to list all spells.
Aiming: Freeze (safe; 1% risk of failure)
Press: ? - help, Shift-Dir - straight line, f/p - two-headed ogre
Aim: a two-headed ogre, wielding a +0 giant spiked club and a +0 giant club (lightly wounded, poisoned)
You freeze the two-headed ogre.
The two-headed ogre is lightly wounded.
The orc priest invokes the aid of Beogh against you.
Beogh smites you!
* * * LOW HITPOINT WARNING * * *
The wall freezes the two-headed ogre.
The two-headed ogre hits you with a +0 giant spiked club!
You die...

#.........##
##......###
###...## ###..##
##..## ##..##
#..... ##..###
###...... ###..##
##........ ##.@##
##......... ##.O##
##..........
##.o###....o..?...
##.o.....).......
##..............
##............. #
##............ ##
##.8......... .##
#...........


You could see a two-headed ogre (poisoned), an orc warrior and an orc priest.

Vanquished Creatures
  A water moccasin (D:6)
  Purgy (Sewer)
  An orc warrior (D:6)
  2 sky beasts (D:5)
  A necrophage (D:6)
  A centaur (D:3)
  2 bullfrogs (D:6)
  A scorpion (D:6)
  8 wights (D:6)
  A howler monkey (D:5)
  2 jellies
  4 orc priests
  2 bullfrog skeletons (D:6)
  8 orc wizards
  7 worker ants
  8 adders
  A river rat (D:5)
  A shadow imp (D:6)
  An ooze (D:5)
  An ufetubus (D:4)
  3 worms
  A dart slug (D:4)
  4 leopard geckos
  22 orcs
  2 ball pythons (D:6)
  9 bats
  4 giant cockroaches
  9 goblins
  4 hobgoblins
  4 jackals
  A quokka (D:3)
  7 frilled lizards
  11 kobolds
  9 rats
144 creatures vanquished.

Notes
Turn   | Place    | Note
-------+----------+-------------------------------------------
     0 | D:1      | buriedalive the Deep Elf Ice Elementalist began the quest
                  | for the Orb.
     0 | D:1      | Reached XP level 1. HP: 10/10 MP: 6/6
   235 | D:1      | Reached XP level 2. HP: 9/15 MP: 0/8
  1192 | D:2      | Reached skill level 5 in Ice Magic
  1192 | D:2      | Reached XP level 3. HP: 17/19 MP: 7/9
  1847 | D:2      | Reached XP level 4. HP: 20/24 MP: 7/10
  2913 | D:3      | Learned a level 3 spell: Frozen Ramparts
  2917 | D:3      | Learned a level 3 spell: Ozocubu's Armour
  3207 | D:3      | Noticed a centaur
  3243 | D:3      | Reached XP level 5. HP: 26/28 MP: 11/11
  3349 | D:3      | Killed a centaur
  3350 | D:3      | Reached skill level 5 in Dodging
  4418 | D:4      | Reached XP level 6. HP: 25/32 MP: 10/12
  4916 | D:4      | Found a shimmering altar of Xom.
  5245 | D:5      | Entered Level 5 of the Dungeon
  5266 | D:5      | Noticed a sky beast
  5284 | D:5      | Killed a sky beast
  5819 | D:5      | Found a glowing drain.
  5867 | Sewer    | Entered a sewer
  6021 | Sewer    | Noticed Purgy
  6028 | Sewer    | Killed Purgy
  6029 | Sewer    | Reached XP level 7. HP: 31/36 MP: 5/13
  6562 | D:5      | Got a fine dagger
  6563 | D:5      | Identified the +12 dagger of Evil {drain, Will+ Str-3 Int+3
                  | Dex+2} (You found it on level 5 of the Dungeon)
  7778 | D:6      | Reached XP level 8. HP: 39/41 MP: 7/14
  8395 | D:6      | Found a staircase to the Ecumenical Temple.
  8400 | Temple   | Entered the Ecumenical Temple
  8417 | Temple   | Became a worshipper of Ashenzari the Shackled
  9708 | D:6      | Found Jalig's Weapon Shoppe.
  9743 | D:6      | Reached skill level 10 in Dodging
  9751 | D:6      | Reached skill level 10 in Ice Magic
  9767 | D:6      | Reached XP level 9. HP: 41/45 MP: 7/15
  9873 | D:6      | Noticed Sigmund
  9874 | D:6      | Noticed a two-headed ogre
  9892 | D:6      | Slain by a two-headed ogre

Illustrated notes

Levels and vault maps discovered:
D:1:      dpeg_arrival_windows_large_door, layout_basic
D:2:      layout_basic, hex_tiny
D:3:      layout_loops_ring
D:4:      layout_rooms, old_standard_altar
D:5:      layout_basic, portal_sewer_entry_a
D:6:      layout_cave_pods, minmay_temple_entry_drinking_statues,
          serial_column_ruins, column_ruins_open_small, column_ruins_grid_1,
          column_ruins_columns_T, column_ruins_columns_straight,
          column_ruins_grid_1, serial_shops, kennysheep_little_box, uniq_sigmund
Temple:   nicolae_temple_the_god_donut

Skill      XL: |  1  2  3  4  5  6  7  8 |
---------------+-------------------------+-----
Dodging        | 3 4 5 6 8 10 | 10.2
Ice Magic      | 5 6 7 8 10 | 10.1
Stealth        | |  2.4
Spellcasting   | |  3.0

Action                   |  1- 3 |  4- 6 |  7- 9 || total
-------------------------+-------+-------+-------++-------
Melee: Dagger            |    44 |   102 |   118 ||   264
       Unarmed           |     2 |       |       ||     2
Throw: Dart              |       |       |     5 ||     5
 Cast: Freeze            |    31 |    83 |    27 ||   141
       Ozocubu's Armour  |       |     2 |    17 ||    19
       Frozen Ramparts   |       |     2 |    17 ||    19
Invok: Curse Item        |       |       |     1 ||     1
  Use: Scroll            |       |    16 |     2 ||    18
       Potion            |       |     1 |     2 ||     3
 Stab: Sleeping          |     7 |     4 |     4 ||    15
Armor: Robe              |     7 |    14 |       ||    21
       Leather armour    |       |    26 |    17 ||    43
Dodge: Dodged            |    44 |   135 |   110 ||   289
